 Dungeon Sprint DCSS version 0.17-a0-1805-g6093636 (webtiles) character file.

6202 pipel the Cleaver (level 10, -20/96 HPs)
             Began as a Hill Orc Skald on Sept 12, 2015.
             Was the Champion of Makhleb.
             Demolished by a boulder beetle (29 damage)
             ... in the Dungeon (Sprint VII: "The Pits").
             The game lasted 00:14:29 (1212 turns).

pipel the Cleaver (Hill Orc Skald)                  Turns: 1212, Time: 00:14:29

Health: -20/96     AC: 15    Str: 19    XL:     10   Next: 91%
Magic:  5/17       EV: 12    Int: 12    God:    Makhleb [******]
Gold:   0          SH:  0    Dex: 10    Spells: 4 memorised, 8 levels left

rFire  . . .     SeeInvis .     a - +1 broad axe (chop)
rCold  . . .     Clarity  .     u - +3 scale mail
rNeg   . . .     SustAt   .     (no shield)
rPois  .         Gourm    .     (no helmet)
rElec  .         Spirit   .     A - +0 cloak
rCorr  .         Warding  .     B - +0 pair of gloves
rMut   .         NoTele   +     (no boots)
MR     .....                    (no amulet)
Stlth  ..........               (no ring)
                                (no ring)

@: very slightly contaminated, not resistant to hostile enchantments, extremely
unstealthy
A: no striking features
a: Minor Destruction, Lesser Servant of Makhleb, Major Destruction, Greater
Servant of Makhleb, Renounce Religion


You were in the Dungeon.
You worshipped Makhleb.
Makhleb was exalted by your worship.
You were not hungry.

You visited 1 branch

Inventory:

Hand weapons
 a - a +1 broad axe of chopping (weapon)
 j - a +2 hand axe
 t - a +0 hand axe
 D - a +2 hand axe of freezing
Missiles
 n - 10 stones (quivered)
Armour
 o - a +0 leather armour
 u - a +3 scale mail (worn)
 A - a +0 cloak (worn)
 B - a +0 pair of gloves (worn)
 C - a +4 chain mail
Magical staves
 b - an uncursed staff of energy
Jewellery
 w - a +3 ring of protection
 y - a +3 ring of intelligence
Scrolls
 p - 3 scrolls of remove curse
 q - 5 scrolls of amnesia
 r - a scroll of summoning
 s - 2 scrolls of vulnerability
Potions
 e - 10 potions of curing
 f - 7 potions of heal wounds
 g - a potion of haste
 h - 4 potions of magic
 i - 4 potions of berserk rage
 m - 2 potions of invisibility
 x - 2 potions of brilliance
 z - a potion of agility
Books
 c - a book of Battle

   Spells                             Type                      Level
   a - Infusion                       Charms                       1
   b - Shroud of Golubria             Charms/Translocation         2
   c - Song of Slaying                Charms                       2
   d - Spectral Weapon                Hexes/Charms                 3
   e - Regeneration                   Charms/Necromancy            3
Comestibles
 d - 8 bread rations
 k - 40 fruits
 l - 7 meat rations
 v - 8 chunks of flesh


   Skills:
 + Level 11.5 Fighting
 + Level 13.6 Axes
 + Level 1.1 Throwing
 * Level 12.9 Armour
 + Level 7.3 Dodging
 - Level 0.5 Stealth
 - Level 4.1 Spellcasting
 - Level 4.2 Hexes
 - Level 10.0 Charms
 - Level 4.4 Necromancy
 + Level 0.2 Translocations
 * Level 9.4 Invocations
 - Level 3.9 Evocations


You had 8 spell levels left.
You knew the following spells:

 Your Spells              Type           Power        Failure   Level  Hunger
a - Infusion              Chrm           ####..       1%          1    #......
g - Shroud of Golubria    Chrm/Tloc      ##........   12%         2    ##.....
r - Regeneration          Chrm/Necr      ###.......   10%         3    ###....
s - Spectral Weapon       Hex/Chrm       ###.....     10%         3    ###....


Dungeon Overview and Level Annotations

Branches:
Dungeon (1/1)

Altars:
Ashenzari
Cheibriados
Dithmenos
Elyvilon
Fedhas
Kikubaaqudgha
Makhleb
Nemelex Xobeh
Okawaru
Ru
Sif Muna
Trog
Vehumet
Xom
Yredelemnul
Zin
The Shining One
Beogh
Jiyva
Lugonu


Message History

Confirm with . or Enter, or press ? or * to list all spells.
You draw out your weapon's spirit!
The boulder beetle hits a closed door.
The boulder beetle stops rolling.
You hit the boulder beetle.
The boulder beetle is lightly wounded.
Your spectral weapon hits the boulder beetle!
The boulder beetle bites you!!
You hit the boulder beetle but do no damage.
The boulder beetle is moderately wounded.
Your spectral weapon hits the boulder beetle but does no damage.
You hit the boulder beetle but do no damage.
The boulder beetle is moderately wounded.
Your spectral weapon hits the boulder beetle.
The boulder beetle bites you!!
* * * LOW HITPOINT WARNING * * *
You barely miss the boulder beetle.
The boulder beetle is moderately wounded.
Your spectral weapon hits the boulder beetle.
The boulder beetle bites you!!
You die...

........+ ........+
.#......# ........#
#''##### #†'# #####
#######
#..###...###..+...#
#...##...##..##B..###
##...##)##..###(@.'.#
##.÷........##...#..#
##..###'###...##)##
..#
#..##.....##..#...#
.#
#..+.......+..+...+ +
#..##..)..##..#.(.#
##..###)###...##'##
##.)........##..(#
##†..##†##..###..(+


You could see a boulder beetle.

Vanquished Creatures
  A deep troll (D)
  A hill giant (D)
  A cyclops (D)
  A hornet (D)
  A smoke demon (D)
  A jumping spider (D)
  A polar bear (D)
  A spriggan (D)
  5 yaks (D)
  A redback (D)
  A deep elf fighter (D)
  4 vampire mosquitoes (D)
  A warg (D)
  A water moccasin (D)
  Duvessa (D)
  2 ogres (D)
  2 ice beasts (D)
  A wasp (D)
  2 brain worms (D)
  Dowan (D)
  3 wights (D)
  A scorpion (D)
  8 killer bees (D)
  An orc priest (D)
  7 sheep (D)
  2 giant eyeballs (D)
  3 orcs (D)
  2 bat zombies (D)
  A giant cockroach (D)
  3 goblins (D)
  A hobgoblin (D)
  A kobold (D)
  A giant gecko (D)
  A giant gecko zombie (D)
  A quokka (D)
  A rat (D)
67 creatures vanquished.

Vanquished Creatures (others)
  An anaconda (D)
  3 spectral weapons (D)
4 creatures vanquished.

Grand Total: 71 creatures vanquished

Notes
Turn   | Place    | Note
--------------------------------------------------------------
     0 | D        | pipel the Hill Orc Skald began the quest for the Orb.
     0 | D        | Reached XP level 1. HP: 18/18 MP: 3/3
    14 | D        | Reached skill level 3 in Charms
    45 | D        | Found a sacrificial altar of Ru.
    45 | D        | Found a basalt altar of Yredelemnul.
    45 | D        | Found a glowing golden altar of the Shining One.
    45 | D        | Found a deep blue altar of Sif Muna.
    45 | D        | Found a burning altar of Makhleb.
    45 | D        | Found an ancient bone altar of Kikubaaqudgha.
    45 | D        | Found a glowing silver altar of Zin.
    46 | D        | Found a shadowy altar of Dithmenos.
    46 | D        | Found a bloodstained altar of Trog.
    46 | D        | Found a shattered altar of Ashenzari.
    46 | D        | Found a white marble altar of Elyvilon.
    46 | D        | Found a snail-covered altar of Cheibriados.
    46 | D        | Found a blossoming altar of Fedhas.
    46 | D        | Found a radiant altar of Vehumet.
    46 | D        | Found a shimmering altar of Xom.
    46 | D        | Found a sparkling altar of Nemelex Xobeh.
    46 | D        | Found a corrupted altar of Lugonu.
    46 | D        | Found a viscous altar of Jiyva.
    46 | D        | Found a roughly hewn altar of Beogh.
    46 | D        | Found an iron altar of Okawaru.
    49 | D        | Became a worshipper of Makhleb the Destroyer
    70 | D        | Noticed a brain worm
    80 | D        | Killed a brain worm
    80 | D        | Acquired Makhleb's first power
    80 | D        | Reached skill level 4 in Fighting
    80 | D        | Reached skill level 1 in Dodging
    80 | D        | Reached skill level 5 in Charms
    80 | D        | Reached XP level 2. HP: 13/27 MP: 0/6
    80 | D        | Reached XP level 3. HP: 15/33 MP: 0/7
    80 | D        | Reached XP level 4. HP: 18/40 MP: 0/8
    85 | D        | Learned a level 3 spell: Regeneration
    89 | D        | Learned a level 3 spell: Spectral Weapon
   247 | D        | Noticed a brain worm
   252 | D        | Killed a brain worm
   252 | D        | Reached skill level 5 in Axes
   252 | D        | Reached skill level 6 in Charms
   252 | D        | Reached XP level 5. HP: 45/47 MP: 2/10
   257 | D        | Noticed a wight
   258 | D        | Noticed a wight
   258 | D        | Noticed a wight
   259 | D        | Acquired Makhleb's second power
   265 | D        | HP: 1/47 [wight/enchanted scimitar (14)]
   284 | D        | Killed a wight
   284 | D        | Reached skill level 5 in Fighting
   284 | D        | Reached skill level 7 in Charms
   289 | D        | Killed a wight
   299 | D        | Acquired Makhleb's third power
   311 | D        | Killed a wight
   311 | D        | Reached XP level 6. HP: 50/57 MP: 1/12
   491 | D        | Paralysed by a giant eyeball for 2 turns
   498 | D        | Paralysed by a giant eyeball for 4 turns
   508 | D        | Paralysed by a giant eyeball for 2 turns
   514 | D        | Acquired Makhleb's fourth power
   517 | D        | Noticed an ogre
   524 | D        | Killed an ogre
   524 | D        | Acquired Makhleb's fifth power
   524 | D        | Reached skill level 1 in Hexes
   524 | D        | Reached skill level 8 in Charms
   524 | D        | Reached skill level 1 in Necromancy
   535 | D        | Paralysed by a giant eyeball for 2 turns
   537 | D        | Reached skill level 5 in Armour
   540 | D        | Noticed a vampire mosquito
   552 | D        | Killed a vampire mosquito
   552 | D        | Reached skill level 1 in Throwing
   552 | D        | Reached XP level 7. HP: 29/64 MP: 5/13
   596 | D        | Noticed a warg
   596 | D        | Noticed Duvessa
   596 | D        | Noticed Dowan
   606 | D        | Killed Duvessa
   606 | D        | Reached skill level 1 in Evocations
   612 | D        | Killed a warg
   613 | D        | Killed Dowan
   613 | D        | Reached skill level 9 in Charms
   642 | D        | Noticed an ice beast
   642 | D        | Noticed a killer bee
   642 | D        | Noticed a killer bee
   642 | D        | Noticed a killer bee
   643 | D        | Noticed a killer bee
   643 | D        | Noticed a killer bee
   648 | D        | Killed a killer bee
   651 | D        | Killed a killer bee
   651 | D        | Reached XP level 8. HP: 64/73 MP: 9/14
   652 | D        | Killed a killer bee
   654 | D        | Killed a killer bee
   657 | D        | Killed a killer bee
   660 | D        | Killed an ice beast
   765 | D        | Noticed a yak
   766 | D        | Noticed a yak
   767 | D        | Noticed a yak
   767 | D        | Noticed a vampire mosquito
   769 | D        | Noticed a yak
   770 | D        | Killed a vampire mosquito
   771 | D        | Noticed a vampire mosquito
   772 | D        | Noticed a yak
   775 | D        | Killed a yak
   782 | D        | Noticed a vampire mosquito
   783 | D        | Killed a yak
   783 | D        | Reached skill level 5 in Dodging
   783 | D        | Killed a yak
   785 | D        | Killed a vampire mosquito
   785 | D        | Reached XP level 9. HP: 48/82 MP: 8/15
   786 | D        | Killed a yak
   789 | D        | Killed a vampire mosquito
   789 | D        | Reached skill level 10 in Armour
   791 | D        | Killed a yak
   791 | D        | Reached skill level 10 in Axes
   791 | D        | Reached skill level 10 in Charms
   834 | D        | Reached skill level 1 in Invocations
   855 | D        | Noticed a redback
   855 | D        | Noticed a polar bear
   857 | D        | Killed a redback
   859 | D        | Killed a polar bear
   910 | D        | Noticed an ogre
   920 | D        | Killed an ogre
   920 | D        | Reached skill level 11 in Armour
   925 | D        | Noticed a killer bee
   925 | D        | Noticed a killer bee
   925 | D        | Noticed a killer bee
   926 | D        | Noticed a hornet
   932 | D        | Killed a killer bee
   935 | D        | Killed a hornet
   935 | D        | Reached skill level 5 in Invocations
   936 | D        | Killed a killer bee
   940 | D        | Killed a killer bee
   975 | D        | Noticed a wasp
   975 | D        | Noticed an orc priest
   976 | D        | Noticed a deep elf fighter
   977 | D        | Killed a wasp
   979 | D        | Killed an orc priest
   979 | D        | Reached XP level 10. HP: 67/93 MP: 11/16
   986 | D        | Killed a deep elf fighter
   986 | D        | Reached skill level 10 in Fighting
  1025 | D        | Noticed a hill giant
  1025 | D        | Noticed a jumping spider
  1030 | D        | Killed a hill giant
  1033 | D        | Killed a jumping spider
  1033 | D        | Reached skill level 12 in Axes
  1054 | D        | Noticed a scorpion
  1054 | D        | Noticed an ice beast
  1057 | D        | Killed a scorpion
  1060 | D        | Killed an ice beast
  1066 | D        | Noticed a cyclops
  1066 | D        | Noticed a water moccasin
  1067 | D        | Noticed a smoke demon
  1069 | D        | Killed a water moccasin
  1077 | D        | Killed a cyclops
  1082 | D        | Killed a smoke demon
  1156 | D        | Noticed a deep troll
  1156 | D        | Noticed a spriggan
  1157 | D        | Killed a spriggan
  1157 | D        | Reached skill level 13 in Axes
  1166 | D        | Killed a deep troll
  1193 | D        | Learned a level 2 spell: Shroud of Golubria
  1198 | D        | Noticed an anaconda
  1203 | D        | Noticed a boulder beetle
  1204 | D        | Killed an anaconda
  1212 | D        | Demolished by a boulder beetle

Vault maps used:
D:        pitsprint

Action                   |  1- 3 |  4- 6 |  7- 9 | 10-12 || total
-------------------------+-------+-------+-------+-------++-------
Melee: Hand axe          |    11 |    47 |    31 |       ||    89
       Broad axe         |       |       |    55 |    43 ||    98
Throw: Stone             |       |     2 |     1 |       ||     3
 Cast: Infusion          |     2 |       |       |       ||     2
       Spectral Weapon   |       |     6 |    10 |     6 ||    22
       Regeneration      |       |     4 |    14 |    12 ||    30
       Shroud of Golubri |       |       |       |     1 ||     1
Invok: Major Destruction |       |       |       |     1 ||     1
Evoke: Staff of energy   |       |       |    28 |    17 ||    45
  Use: Scroll            |       |     1 |       |       ||     1
       Potion            |       |     1 |       |       ||     1
 Stab: Distracted        |       |     1 |     2 |       ||     3
  Eat: Chunk             |       |       |     6 |     3 ||     9
